 Dungeon Crawl Stone Soup version 0.21-a0-311-g9ae2175 (webtiles) character file.

4270 Jannitor the Nimble (level 10, -8/73 HPs)
             Began as a Gnoll Wanderer on Sept 29, 2017.
             Was an Elder of Cheibriados.
             Splashed by Maurice's acid (17 damage)
             ... on level 7 of the Dungeon.
             The game lasted 00:14:16 (7764 turns).

Jannitor the Nimble (Gnoll Wanderer)                Turns: 7764, Time: 00:14:17

Health: -8/73      AC: 14    Str: 27    XL:     10   Next: 31%
Magic:  13/13      EV: 13    Int: 27    God:    Cheibriados [****..]
Gold:   386        SH:  0    Dex: 23    Spells: 18/18 levels left

rFire    . . .     SeeInvis .   a - +2 quarterstaff
rCold    + + .     Gourm    .   (shield currently unavailable)
rNeg     . . .     Faith    .   y - +4 plate armour
rPois    .         Spirit   .   (no helmet)
rElec    .         Reflect  .   s - +0 cloak
rCorr    .         Harm     .   (no gloves)
MR       .....                  (no boots)
Stlth    ..........             (no amulet)
HPRegen  0.22/turn              j - +4 ring of protection
MPRegen  0.13/turn              (no ring)

@: corroded, very slow
A: distributed training, fangs 1, slimy green scales 1, cold resistance 2, low
mp 2, mutation resistance 1, strong nose
a: Bend Time, Temporal Distortion, Slouch, Renounce Religion


You were on level 7 of the Dungeon.
You worshipped Cheibriados.
Cheibriados was greatly pleased with you.
You were not hungry.

You visited 1 branch of the dungeon, and saw 8 of its levels.

You collected 386 gold pieces.

Inventory:

Hand Weapons
 a - a +2 quarterstaff (weapon)
Missiles
 o - 3 tomahawks of returning (quivered)
Armour
 c - a +0 plate armour of cold resistance
 d - a +0 robe
 l - a +0 plate armour
 s - a +0 cloak (worn)
 y - a +4 plate armour (worn)
Jewellery
 j - a +4 ring of protection (left hand)
Wands
 z - a wand of digging (7/24)
Scrolls
 b - 4 scrolls of teleportation
 e - 9 scrolls of identify {unknown}
 g - a scroll of immolation {unknown}
 k - 3 scrolls of remove curse {unknown}
 m - 3 scrolls of enchant armour {unknown}
 p - a scroll of blinking {unknown}
 q - 2 scrolls of fear {unknown}
 u - a scroll of enchant weapon {unknown}
 v - a scroll of fog {unknown}
 x - 2 scrolls of magic mapping {unknown}
Potions
 r - 2 potions of mutation
 t - 2 potions of curing
Books
 w - a book of Minor Magic

   Spells                             Type                      Level
   a - Magic Dart                     Conjuration                  1
   b - Blink                          Translocation                2
   c - Call Imp                       Summoning                    2
   d - Slow                           Hexes                        2
   e - Conjure Flame                  Conjuration/Fire             3
   f - Mephitic Cloud                 Conjuration/Poison/Air       3
Comestibles
 f - 4 bread rations
 h - 3 royal jellies
 i - 3 fruits
 n - 6 meat rations
 A - 7 chunks of flesh


   Skills:
 + Level 4.9 Fighting
 + Level 4.8 Short Blades
 + Level 5.3 Long Blades
 + Level 5.0 Axes
 + Level 5.4 Maces & Flails
 + Level 5.5 Polearms
 + Level 7.5 Staves
 + Level 5.1 Slings
 + Level 4.8 Bows
 + Level 5.1 Crossbows
 + Level 5.0 Throwing
 + Level 3.7 Armour
 + Level 8.4 Dodging
 + Level 4.7 Stealth
   Level 0.0 Stabbing
 + Level 5.8 Shields
   Level 0.0 Traps
 + Level 5.3 Unarmed Combat
 + Level 4.7 Spellcasting
 + Level 5.8 Conjurations
 + Level 5.7 Hexes
 + Level 4.7 Charms
 + Level 4.8 Summonings
 + Level 4.2 Necromancy
 + Level 4.7 Translocations
 + Level 5.5 Transmutations
 + Level 4.8 Fire Magic
 + Level 4.4 Ice Magic
 + Level 5.0 Air Magic
 + Level 5.3 Earth Magic
 + Level 4.8 Poison Magic
 + Level 4.7 Invocations
 + Level 3.5 Evocations


You had 18 spell levels left.
You didn't know any spells.

Dungeon Overview and Level Annotations

Branches:
Dungeon (8/15)             Temple (0/1) D:6
   Lair: D:8-11

Altars:
Ashenzari
Cheibriados
Dithmenos
Elyvilon
Hepliaklqana
Makhleb
Nemelex Xobeh
Okawaru
Qazlal
Vehumet
Zin

Annotations:
D:8 Maurice; yrara's ghost, novice GrFi


Innate Abilities, Weirdness & Mutations

Your experience applies equally to all skills.
You have very sharp teeth.
Your uncanny sense of smell can sniff out nearby items.
You are partially covered in slimy green scales. (AC +2)
Your flesh is very cold resistant. (rC++)
Your magical capacity is very low. (-20% MP)
You are somewhat resistant to further mutation.


Message History

You bludgeon the orc!!
You kill the orc!
Cheibriados thoroughly appreciates the change of pace.
You hear a zap.
A bolt of acid appears from out of thin air!
The bolt of acid hits you! The acid corrodes you!
You are splashed with acid!
The acid burns!
Items here: $ ) [ † a morningstar of flaming; a leather armour; 15 gold pieces; an orc corpse You hear a zap.
A bolt of acid appears from out of thin air!
The bolt of acid hits you! The acid corrodes you!
You are splashed with acid!
The acid burns!
* * * LOW HITPOINT WARNING * * *
You hear a zap.
A bolt of acid appears from out of thin air!
The bolt of acid hits you!
* * * LOW HITPOINT WARNING * * *
You are splashed with acid!
The acid burns!
You die...

######### ########## #........
#........# #........ #........#
#........ ###### #.....(..#
##........ .....#
##...p....######.........
.....####.............#).........
.....##..........................
.....##..#......@.............(..
###.....########.)........#######
.......#########......#####
..........##.........##
##.##..##....###.#...#
...##..####...##.....#
..................#..#
####...##..#.##......#
#......#..####....##


You could see a neutral freed slave (wandering).

Vanquished Creatures
  Pikel (D:7)
  Joseph (D:7)
  Sigmund (D:3)
  A steam dragon (D:7)
  Grum (D:8)
  2 orc warriors
  An ice beast (D:7)
  A slave (D:7)
  3 sky beasts
  4 phantoms
  2 ogres
  3 centaurs
  4 wolves (D:8)
  2 big kobolds
  A bullfrog (D:7)
  A scorpion (D:6)
  A water moccasin skeleton (D:6)
  A howler monkey (D:6)
  3 crimson imps
  A centaur zombie (D:5)
  A bullfrog skeleton (D:5)
  2 hounds (D:7)
  4 orc priests
  A jelly (D:7)
  7 orc wizards
  Jessica (D:3)
  3 iguanas
  Terence (D:3)
  7 worker ants
  A killer bee zombie (D:7)
  A hound skeleton (D:6)
  A worker ant zombie (D:5)
  3 adders
  3 gnolls (D:5)
  An adder zombie (D:8)
  2 oozes
  4 worms
  A dart slug (D:1)
  6 leopard geckos
  29 orcs
  3 giant cockroaches
  4 goblins
  8 hobgoblins
  14 jackals
  4 quokkas
  4 bats
  4 frilled lizards
  33 kobolds
  A leopard gecko zombie (D:6)
  4 rats
193 creatures vanquished.

Vanquished Creatures (others)
  A slave (D:7)
  An orc (D:7)
2 creatures vanquished.

Grand Total: 195 creatures vanquished

Notes
Turn   | Place    | Note
-------+----------+-------------------------------------------
     0 | D:1      | Jannitor the Gnoll Wanderer began the quest for the Orb.
     0 | D:1      | Jannitor set off with: a +2 quarterstaff, a scroll of teleportation, a potion of curing, a +0 robe, a bread ration
     0 | D:1      | Reached XP level 1. HP: 17/17 MP: 1/1
    41 | D:1      | Reached skill level 1 in Long Blades
    74 | D:1      | Reached skill level 1 in Evocations
   129 | D:1      | Reached XP level 2. HP: 23/23 MP: 1/3
   296 | D:1      | Reached skill level 1 in Ice Magic
   310 | D:1      | Reached skill level 1 in Crossbows
   567 | D:1      | Reached skill level 1 in Necromancy
   573 | D:1      | Reached skill level 1 in Conjurations
   729 | D:1      | Reached XP level 3. HP: 25/28 MP: 4/4
  1027 | D:2      | Found a glowing silver altar of Zin.
  1356 | D:2      | Found a white marble altar of Elyvilon.
  1377 | D:2      | Reached skill level 1 in Invocations
  1816 | D:3      | Noticed Sigmund
  1884 | D:3      | Reached skill level 1 in Earth Magic
  1899 | D:2      | Reached skill level 1 in Bows
  1899 | D:2      | Reached XP level 4. HP: 22/34 MP: 5/5
  2031 | D:3      | Noticed Jessica
  2032 | D:3      | Reached skill level 1 in Hexes
  2033 | D:3      | Reached skill level 1 in Summonings
  2042 | D:2      | Reached skill level 1 in Fire Magic
  2188 | D:2      | Reached skill level 1 in Unarmed Combat
  2202 | D:3      | Reached skill level 5 in Staves
  2211 | D:3      | Killed Jessica
  2211 | D:3      | Reached skill level 1 in Slings
  2211 | D:3      | Reached skill level 1 in Transmutations
  2211 | D:3      | Reached XP level 5. HP: 23/41 MP: 6/6
  2438 | D:3      | Gained mutation: You are clumsy. (Dex -2) [potion of mutation]
  2438 | D:3      | Gained mutation: Your flesh is cold resistant. (rC+) [potion of mutation]
  2446 | D:3      | Killed Sigmund
  2446 | D:3      | Reached skill level 1 in Short Blades
  2446 | D:3      | Reached skill level 1 in Axes
  2446 | D:3      | Reached skill level 1 in Maces & Flails
  2446 | D:3      | Reached skill level 1 in Armour
  2446 | D:3      | Reached skill level 1 in Translocations
  2446 | D:3      | Reached skill level 1 in Air Magic
  2446 | D:3      | Reached XP level 6. HP: 42/47 MP: 7/7
  2474 | D:3      | Found a snail-covered altar of Cheibriados.
  2481 | D:3      | Noticed Terence
  2491 | D:3      | Killed Terence
  2495 | D:3      | Became a worshipper of Cheibriados the Contemplative
  2669 | D:3      | Found a stormy altar of Qazlal.
  2669 | D:3      | Found a shadowy altar of Dithmenos.
  2812 | D:4      | Found a radiant altar of Vehumet.
  2873 | D:4      | Found an iron altar of Okawaru.
  3130 | D:4      | Noticed a phantom
  3155 | D:4      | Killed a phantom
  3155 | D:4      | Reached skill level 1 in Spellcasting
  3155 | D:4      | Reached XP level 7. HP: 24/53 MP: 8/8
  3465 | D:4      | Reached skill level 1 in Poison Magic
  3697 | D:5      | Entered Level 5 of the Dungeon
  3744 | D:5      | Reached skill level 1 in Charms
  3754 | D:5      | Gained mutation: Your magical capacity is low. (-10% MP) [mutagenic meat]
  3756 | D:5      | Gained mutation: Your magical capacity is very low. (-20% MP) [mutagenic meat]
  3757 | D:5      | Lost mutation: You are clumsy. (Dex -2) [mutagenic meat]
  4252 | D:5      | Reached * piety under Cheibriados
  4553 | D:5      | Reached XP level 8. HP: 60/60 MP: 8/8
  5157 | D:5      | Reached skill level 7 in Dodging
  5343 | D:6      | Reached ** piety under Cheibriados
  5388 | D:6      | Gained mutation: You are partially covered in slimy green scales. (AC +2) [mutagenic meat]
  5393 | D:6      | Found a staircase to the Ecumenical Temple.
  5596 | D:6      | Found a sparkling altar of Nemelex Xobeh.
  5785 | D:6      | Reached XP level 9. HP: 60/65 MP: 8/10
  6086 | D:6      | Reached *** piety under Cheibriados
  6411 | D:7      | Gained mutation: Your flesh is very cold resistant. (rC++) [mutagenic meat]
  6413 | D:7      | Gained mutation: You are somewhat resistant to further mutation. [mutagenic meat]
  6501 | D:7      | Noticed Pikel
  6531 | D:7      | Killed Pikel
  6531 | D:7      | Reached skill level 5 in Long Blades
  6531 | D:7      | Reached skill level 8 in Dodging
  6531 | D:7      | Reached skill level 5 in Shields
  6531 | D:7      | Reached skill level 5 in Conjurations
  6531 | D:7      | Reached skill level 5 in Earth Magic
  6535 | D:7      | Reached skill level 5 in Maces & Flails
  6535 | D:7      | Reached skill level 5 in Polearms
  6706 | D:7      | Reached skill level 5 in Hexes
  6715 | D:7      | Reached skill level 5 in Unarmed Combat
  6717 | D:7      | Reached skill level 5 in Crossbows
  6717 | D:7      | Reached skill level 5 in Transmutations
  6722 | D:7      | Reached **** piety under Cheibriados
  6912 | D:7      | Noticed Joseph
  6928 | D:7      | Killed Joseph
  6928 | D:7      | Reached XP level 10. HP: 42/73 MP: 12/12
  7104 | D:7      | Found a hazy altar of Hepliaklqana.
  7149 | D:7      | Found a shattered altar of Ashenzari.
  7620 | D:8      | Found a burning altar of Makhleb.
  7680 | D:8      | Noticed Grum
  7682 | D:8      | Reached skill level 5 in Slings
  7682 | D:8      | Reached skill level 5 in Throwing
  7705 | D:8      | Killed Grum
  7705 | D:8      | Reached skill level 5 in Air Magic
  7723 | D:8      | Reached skill level 5 in Axes
  7748 | D:8      | Noticed Maurice
  7751 | D:8      | Noticed yrara's ghost (novice GrFi)
  7764 | D:7      | Splashed by Maurice's acid

Vault maps used:
D:1:      dpeg_arrival_arbitrary_a
D:2:      zin_academy, overflow_temple_1_default
D:3:      gammafunk_temple_overflow_elements, cheibriados_altar_1, first_bread,
          uniq_terence, uniq_sigmund, uniq_jessica
D:4:      lemuel_round_altar, kennysheep_okawaru_gauntlet
D:5:      chequers_big_river
D:6:      kennysheep_kobold_camp, minmay_temple_entry_junction,
          nemelex_dance_club_becter
D:7:      lemuel_coloured_pillars_altar, old_standard_altar, uniq_pikel,
          uniq_joseph
D:8:      bloody_makhleb, kennysheep_mini_moat, uniq_maurice, uniq_grum

Skill      XL: |  1  2  3  4  5  6  7  8  9 10 |
---------------+-------------------------------+-----
Long Blades    | 1 2 3 4 5 |  5.3
Evocations     | 1 2 3 |  3.5
Ice Magic      | 1 2 3 4 |  4.4
Crossbows      | 1 2 3 4 5 |  5.1
Necromancy     | 1 2 3 4 |  4.2
Conjurations   | 1 2 3 4 5 |  5.8
Invocations    | 1 2 3 4 |  4.7
Earth Magic    | 1 2 3 4 5 |  5.3
Bows           | 1 2 3 4 |  4.8
Hexes          | 1 2 3 5 |  5.7
Summonings     | 2 3 4 |  4.8
Fire Magic     | 1 2 3 4 |  4.8
Unarmed Combat | 1 2 3 5 |  5.3
Fighting       | 3 4 |  4.9
Staves         | 5 6 7 |  7.5
Slings         | 1 2 3 4 5 |  5.1
Transmutations | 1 2 3 4 5 |  5.5
Short Blades   | 1 2 3 4 |  4.8
Axes           | 1 2 4 5 |  5.0
Maces & Flails | 1 2 4 5 |  5.4
Polearms       | 3 4 5 |  5.5
Armour         | 1 2 3 |  3.7
Translocations | 1 3 4 |  4.7
Air Magic      | 1 2 3 4 5 |  5.0
Throwing       | 3 4 5 |  5.0
Shields        | 3 4 5 |  5.8
Spellcasting   | 1 2 3 4 |  4.7
Poison Magic   | 2 3 4 |  4.8
Stealth        | 3 4 |  4.7
Charms         | 2 3 4 |  4.7
Dodging        | 7 8 |  8.4

Action                   |  1- 3 |  4- 6 |  7- 9 | 10-12 || total
-------------------------+-------+-------+-------+-------++-------
Melee: Quarterstaff      |   120 |   117 |   394 |    98 ||   729
       Bite              |     8 |     9 |    56 |    15 ||    88
Invok: Bend Time         |       |       |     1 |       ||     1
  Use: Potion            |       |     3 |     6 |       ||     9
 Stab: Sleeping          |     2 |       |       |       ||     2
  Eat: Chunk             |     2 |     5 |    21 |     1 ||    29
Armor: Robe              |     8 |       |       |       ||     8
       Plate armour      |    38 |   102 |   281 |    47 ||   468
Dodge: Dodged            |    76 |    44 |   246 |    87 ||   453

Table legend:
 A = Spawn XP
 B = Non-spawn XP
 C = Spawn XP percentage of total XP
 D = Spawn monster count
 E = Non-spawn monster count
 F = Spawn count percentage of total count
 G = Total turns spent on level
                    A         B        C        D         E        F      G
               +---------+---------+-------+---------+---------+-------+---------
         Total |       0 |    6101 |   0.0 |       0 |     191 |   0.0 |  7764
               +---------+---------+-------+---------+---------+-------+---------
           D:1 |       0 |      37 |   0.0 |       0 |      19 |   0.0 |  1027
           D:2 |       0 |      57 |   0.0 |       0 |      26 |   0.0 |  1143
           D:3 |       0 |     391 |   0.0 |       0 |      20 |   0.0 |   593
           D:4 |       0 |     204 |   0.0 |       0 |       6 |   0.0 |  1108
           D:5 |       0 |     817 |   0.0 |       0 |      26 |   0.0 |  1313
           D:6 |       0 |    1169 |   0.0 |       0 |      47 |   0.0 |  1188
           D:7 |       0 |    2640 |   0.0 |       0 |      39 |   0.0 |  1244
           D:8 |       0 |     786 |   0.0 |       0 |       8 |   0.0 |   148
               +---------+---------+-------+---------+---------+-------+---------
